 Dungeon Crawl Stone Soup version 0.18-a0-971-g0af6217 (webtiles) character file.

51 4thArraOfDagon the Gusty (level 3, 0/26 HPs)
             Began as a Centaur Air Elementalist on Jan 2, 2016.
             Hit by a tomahawk thrown by an orc (6 damage)
             ... on level 4 of the Dungeon.
             The game lasted 00:05:54 (700 turns).

4thArraOfDagon the Gusty (Centaur Air Elementalist)  Turns: 700, Time: 00:05:55

Health: 0/26       AC:  4    Str: 10    XL:     3   Next: 58%
Magic:  1/5        EV:  9    Int: 15    God:
Gold:   50         SH:  0    Dex:  9    Spells: 1 memorised, 4 levels left

rFire  . . .     SeeInvis .     e - +2 dagger (speed)
rCold  . . .     Gourm    .     a - +0 robe
rNeg   . . .     Faith    .     (no shield)
rPois  .         Spirit   .     (no helmet)
rElec  .         Dismiss  .     (no cloak)
rCorr  .         Reflect  .     (no gloves)
SustAt .         Harm     .     (no barding)
MR     .....                    (no amulet)
Stlth  +.........               (no ring)
                                (no ring)

@: very slightly contaminated, hasted, very quick, not resistant to hostile
enchantments, very unstealthy
A: hooves 3, deformed body, speed 2, tough skin 3
a: no special abilities


You were on level 4 of the Dungeon.
You were not hungry.

You visited 1 branch of the dungeon, and saw 4 of its levels.

You collected 50 gold pieces.

Inventory:

Hand Weapons
 d - a +0 club
 e - a +2 dagger of speed (weapon)
Armour
 a - a +0 robe (worn)
Scrolls
 i - a scroll of identify {unknown}
Potions
 h - a potion of haste
Books
 b - a book of Air

   Spells                             Type                      Level
   a - Shock                          Conjuration/Air              1
   b - Swiftness                      Charms/Air                   2
   c - Repel Missiles                 Charms/Air                   2
   d - Static Discharge               Conjuration/Air              3
   e - Lightning Bolt                 Conjuration/Air              5
 g - a book of Dreams

   Spells                             Type                      Level
   a - Ensorcelled Hibernation        Hexes/Ice                    2
   b - Phase Shift                    Translocation                5
   c - Shadow Creatures               Summoning                    5
   d - Silence                        Hexes/Air                    5
   e - Darkness                       Hexes                        6
   f - Mass Confusion                 Hexes                        6
Comestibles
 c - a bread ration
 f - a meat ration


   Skills:
 - Level 1.3 Dodging
 - Level 1.2 Stealth
 - Level 1.5 Spellcasting
 * Level 2.0 Conjurations
 * Level 3.7 Air Magic


You had 4 spell levels left.
You knew the following spells:

 Your Spells              Type           Power        Failure   Level  Hunger
a - Shock                 Conj/Air       #...         10%         1    ##.....


Dungeon Overview and Level Annotations

Branches:
Dungeon (4/15)
 Temple: D:4-7

Altars:
Ashenzari
Gozag


Innate Abilities, Weirdness & Mutations

You have hooves in place of feet.
Armour fits poorly on your strangely shaped body.
You cover ground very quickly.
You have extremely tough skin (AC +3).


Message History

Blink to where?
Press: ? - help, Dir - move target cursor, f - you Are you sure you want to cancel this blink?
Blink to where?
Press: ? - help, Dir - move target cursor
As you read the scroll labeled GEBROI HANOUV, it crumbles to dust.
It was a scroll of blinking.
Unknown command.
An orc comes into view.
The orc shouts! 3 orcs and an orc wizard come into view.
The orc wizard shouts!
The orc shouts!
The orc shouts!
The orc shouts!
The orc moves out of view.
The orc throws a tomahawk.
The tomahawk hits you but does no damage.
You see here a tomahawk.
Unknown command.
Unknown command.
Unknown command.
The orc throws a tomahawk.
The tomahawk hits you.
You die...

####...# ###..####
#......# #........
#......# #...o....
#...ooo# #........
#..o...# ####o####
.o...# #§# #..# #§#
#######..#########o#
+.....@..(..SS...§§#
####################


You could see 2 adders and 3 orcs.

Vanquished Creatures
  3 gnolls (D:4)
  5 orcs
  A bat (D:3)
  A giant cockroach (D:3)
  A goblin (D:3)
  A hobgoblin (D:3)
  4 kobolds
  A giant newt (D:1)
  A rat (D:1)
18 creatures vanquished.

Notes
Turn   | Place    | Note
--------------------------------------------------------------
     0 | D:1      | 4thArraOfDagon the Centaur Air Elementalist began the quest for the Orb.
     0 | D:1      | Reached XP level 1. HP: 14/14 MP: 3/3
     1 | D:1      | Noticed an elf
     2 | D:1      | Noticed an octopode
     4 | D:1      | Noticed a merfolk
     4 | D:1      | Noticed a halfling
     6 | D:1      | Noticed a formicid
     8 | D:1      | Noticed a gargoyle
     8 | D:1      | Noticed an ogre
    10 | D:1      | Noticed a tengu
    12 | D:1      | Noticed a centaur
    12 | D:1      | Noticed a vampire
    14 | D:1      | Noticed a troll
    14 | D:1      | Noticed a draconian
    16 | D:1      | Noticed a demonspawn
    16 | D:1      | Noticed a ghoul
    18 | D:1      | Noticed a demigod
    18 | D:1      | Noticed a spriggan
    20 | D:1      | Noticed a dwarf
    20 | D:1      | Noticed a felid
    22 | D:1      | Noticed a naga
    22 | D:1      | Noticed a human
    26 | D:1      | Noticed a minotaur
    26 | D:1      | Noticed a vine stalker
    33 | D:1      | Reached skill level 1 in Conjurations
   175 | D:3      | Found a shattered altar of Ashenzari.
   186 | D:3      | Reached skill level 3 in Air Magic
   238 | D:3      | Reached XP level 2. HP: 8/20 MP: 1/4
   395 | D:3      | jacquesderrida: Horse is being harassed
   417 | D:4      | jacquesderrida: pls no bully hors
   417 | D:4      | 4thArraOfDagon: herassed? this is clear abuse!
   538 | D:4      | Reached XP level 3. HP: 6/26 MP: 0/5
   654 | D:4      | Found an opulent altar of Gozag.
   700 | D:4      | Hit by a tomahawk thrown by an orc

Vault maps used:
D:1:      kb_arrival_jail, hangedman_decor_diamond_cutter
D:2:      nicolae_ru_great_annihilating_truth, uniq_natasha
D:3:      kennysheep_big_flooded_room, old_standard_altar,
          kennysheep_generic_room_10
D:4:      old_standard_altar, old_standard_altar, zin_treasury, uniq_sigmund,
          uniq_edmund

Action                   || total
-------------------------++-------
Melee: Club              ||    27
       Dagger            ||    15
 Cast: Shock             ||    31
  Use: Potion            ||     3
       Scroll            ||     3
